 Dungeon Crawl Stone Soup version 0.31.0-7-gf635a9b802 (webtiles) character file.

Game seed: 15434077745879217193

67 inmateoo the Shield-Bearer (level 3, -1/33 HPs)
             Began as a Minotaur Fighter on Jan 24, 2024.
             Killed by nerve-wracking pain
             ... invoked by Grinder
              (14 damage)
             ... on level 2 of the Dungeon.
             The game lasted 00:01:00 (1054 turns).

inmateoo the Shield-Bearer (Minotaur Fighter)       Turns: 1054, Time: 00:01:01

Health: -1/33      AC:  7    Str: 20    XL:     3   Next: 98%
Magic:  2/2        EV:  9    Int:  5    God:
Gold:   153        SH:  4    Dex: 11    Spells: 2/2 levels left

rFire   . . .        a - +0 war axe
rCold   . . .        c - +0 buckler
rNeg    . . .        b - +0 scale mail
rPois   .            (helmet restricted)
rElec   .            (no cloak)
rCorr   .            (no gloves)
SInv    .            (no boots)
Will    .....        (no amulet) Stlth
                     (no ring)
HPRegen 0.25/turn    (no ring)
MPRegen 0.08/turn

%: no passive effects
@: no status effects
A: horns 2, retaliatory headbutt
a: no special abilities


You were on level 2 of the Dungeon.
You visited 1 branch of the dungeon, and saw 3 of its levels.

You collected 153 gold pieces.

Inventory:

Hand Weapons
 a - a +0 war axe (weapon)
Armour
 b - a +0 scale mail (worn)
 c - a +0 buckler (worn)
Jewellery
 m - a ring of ice
Scrolls
 f - a scroll of noise {unknown}
 g - a scroll of enchant weapon {unknown}
 h - a scroll of poison {unknown}
 i - a scroll of blinking {unknown}
 j - a scroll of revelation {unknown}
 k - 2 scrolls of identify {unknown}
 n - a scroll of teleportation {unknown}
Potions
 d - a potion of might
 e - a potion of attraction {unknown}
 l - a potion of ambrosia {unknown}


   Skills:
 + Level 4.0 Fighting
 * Level 3.6 Axes
 + Level 4.0 Armour
 + Level 1.4 Dodging
 + Level 4.0 Shields


You had 2 spell levels left.
You didn't know any spells.
Your spell library contained the following spells:

 Spells                   Type           Power      Damage    Failure   Level
 Kiss of Death            Conj/Necr      0%         2d5       88%         1
 Confusing Touch          Hex            0%         N/A       99%         3
 Stone Arrow              Conj/Erth      0%         3d7       99%         3
 Animate Armour           Summ/Erth      0%         N/A       100%        4
 Dispel Undead            Necr           0%         3d6       100%        4
 Lehudib's Crystal Spear  Conj/Erth      0%         10d2      100%        8


Dungeon Overview and Level Annotations

Branches:
Dungeon (3/15)

Altars:

Annotations:
D:2 Grinder


Innate Abilities, Weirdness & Mutations

You have a pair of horns on your head.
You reflexively headbutt those who attack you in melee.


Message History

Grinder gestures at you. Pain shoots through your body!
Grinder attacks as she pursues you! Grinder closely misses you.
There is a stone staircase leading up here.
Grinder closely misses you.
You climb upwards.
There is a stone staircase leading down here.
You hit Grinder.
Grinder is moderately wounded.
Grinder hits you but does no damage. You block Grinder's attack.
You closely miss Grinder.
Grinder is moderately wounded.
Grinder hits you but does no damage.
You closely miss Grinder. Your headbutt misses Grinder.
Grinder is moderately wounded.
You block Grinder's attack. Grinder gestures at you.
You suddenly lose the ability to move!
Grinder hits you.
You can move again.
Unknown command.
You barely miss Grinder.
Grinder is moderately wounded.
Grinder gestures at you.
You shrug off the repeated paralysis!
You hit Grinder but do no damage.
Grinder is moderately wounded.
Grinder hits you.
You writhe in agony.
You slash Grinder! You headbutt Grinder.
Grinder is severely wounded.
Grinder blinks!
You are too injured to fight recklessly!
Grinder gestures at you. You resist with significant effort.
You are too injured to fight recklessly!
You are too injured to fight recklessly!
Grinder gestures at you. Pain shoots through your body!
You die...
Grinder says, "Hey, I wasn't done torturing you yet!"

## ##.##...###....#
.##########.......##.....#
..............###..#.#####
.#.######.##### ##.#.#
##..†####.# ####.#.# ####†.##..#
#..÷.#.# # ##...†######....#.#
######.............#.#
....##.########>@..#.# #########
..........#####.5..#.# #>......#
#####......).##...)#.###.......#
#.###......................#
##.# ###...######.###.......#
####).# ###.# #.# #.......#
.....########.# ####.# #.......#
#.............###....# #########
#.#...............####
##......##


You could see Grinder.

Vanquished Creatures
  2 adders (D:2)
  3 ribbon worms (D:2)
  4 endoplasms
  4 giant cockroaches
  4 hobgoblins
  5 quokkas
  5 bats
  3 frilled lizards
  A goblin (D:1)
  6 kobolds
  3 rats (D:2)
40 creatures vanquished.

Notes
Turn   | Place    | Note
-------+----------+-------------------------------------------
     0 | D:1      | inmateoo the Minotaur Fighter began the quest for the Orb.
     0 | D:1      | Reached XP level 1. HP: 19/19 MP: 0/0
   150 | D:1      | Reached XP level 2. HP: 27/27 MP: 1/1
   623 | D:2      | Reached skill level 1 in Dodging
   665 | D:2      | Identified the staff of Isit {*Corrode rC+ rN+ Dex+4 Ice}
   681 | D:2      | Reached XP level 3. HP: 31/33 MP: 2/2
  1036 | D:3      | Noticed Grinder
  1048 | D:2      | Paralysed by Grinder for 2 turns
  1054 | D:2      | Killed from afar by Grinder

Illustrated notes

Levels and vault maps discovered:
D:1:      tekkud_arrival_beachfront_property, layout_basic
D:2:      layout_rooms
D:3:      layout_basic, serial_shops, shop_fountains, serial_corexii_hall,
          chequers_hall_statues_wall_a, corexii_hall_statues_l, uniq_grinder

Skill      XL: |  1  2  3 |
---------------+----------+-----
Axes           | 3 |  3.6
Dodging        | 1 |  1.4
Shields        | 4 |  4.0
Fighting       | 4 |  4.0
Armour         | 4 |  4.0

Action                     || total
---------------------------++-------
  Melee: War axe           ||    90
         Headbutt          ||     8
 Armour: Scale mail        ||    60
  Dodge: Dodged            ||    30
  Block: Buckler           ||    14
